 Dungeon Crawl Stone Soup version 0.31-a0-486-g8d68a81214 (webtiles) character file.

Game seed: 12493458002188496562

282370 arthad the Devastator (level 19, 0/143 HPs)
             Began as a Demonspawn Fire Elementalist on Aug 7, 2023.
             Was the Champion of Vehumet.
             Slain by a bone dragon (3 damage)
             ... on level 3 of the Vaults.
             The game lasted 02:51:38 (40271 turns).

arthad the Devastator (DsFE)                       Turns: 40271, Time: 02:51:39

Health: 0/143      AC: 24    Str:  7    XL:     19   Next: 73%
Magic:  13/33      EV: 11    Int: 35    God:    Vehumet [******]
Gold:   2706       SH:  0    Dex: 13    Spells: 4/39 levels left

rFire   + + +        Z - +7 great mace "Firestarter" {flame, immolate, rFlCloud rF++}
rCold   + . .        (shield currently unavailable)
rNeg    + . .        O - +7 scale mail of Autumn {rPois rC+ rN+ Slay+3}
rPois   +            v - +0 hat {Will+}
rElec   .            (cloak unavailable)
rCorr   .            d - +2 pair of gloves {hurl}
SInv    .            k - +1 pair of boots {rampage}
Will    +++..        M - amulet of magic regeneration
Stlth   ++           X - ring of fire
HPRegen 2.43/turn    i - +6 ring of intelligence
MPRegen 0.63/turn

%: rampage
@: no status effects
A: icy blue scales 3, powered by death 1, augmentation 2, demonic magic 3,
weakness stinger 3, clever 1, strong-willed 1, MP-powered wands
}: 2/15 runes: decaying, gossamer
a: Renounce Religion


You were on level 3 of the Vaults.
You worshipped Vehumet.
Vehumet was exalted by your worship.
You visited 7 branches of the dungeon, and saw 34 of its levels.
You also visited: Ossuary and Ice Cave.

You collected 4396 gold pieces.
You spent 1690 gold pieces at shops.

Inventory:

Hand Weapons
 a - the +9 staff of Olgreb {rPois∞}
   (You found it on level 1 of the Vaults)

   It enhances your poison magic.
   It grants immunity to poison.
   It can be activated via the 'a'bility menu to radiate toxic energy, with
   effectiveness depending on Evocations skill.
 Z - the +7 great mace "Firestarter" (weapon) {flame, immolate, rFlCloud rF++}
   (You bought it in a shop on level 8 of the Dungeon)

   rFlCloud:  It grants immunity to clouds of flame.
   rF:        It greatly protects you from fire.
Missiles
 m - 10 datura-tipped darts
 w - 64 poisoned darts
 J - 6 atropa-tipped darts
 Q - 7 curare-tipped darts
Armour
 d - a +2 pair of gloves of hurling (worn)
 h - a +0 pair of gloves
 k - a +1 pair of boots of rampaging (worn)
 v - a +0 hat of willpower (worn)
 O - the +7 scale mail of Autumn (worn) {rPois rC+ rN+ Slay+3}
   (You found it on level 4 of the Lair of Beasts)

   Slay:      It affects your accuracy & damage with ranged weapons and melee
   (+3).
   rC:        It protects you from cold.
   rPois:     It protects you from poison.
   rN:        It protects you from negative energy.
Magical Staves
 W - a staff of fire
Jewellery
 g - a ring of flight
 i - a +6 ring of intelligence (right hand)
 G - a ring of ice
 M - an amulet of magic regeneration (around neck)
 U - the ring of Zibietesh {Will++ rCorr Dex+6 Stlth-}
   (You found it in an ice cave)

   [ring of dexterity]

   Dex:       It affects your dexterity (+6).
   rCorr:     It protects you from acid and corrosion.
   Will:      It greatly increases your willpower.
   Stlth:     It makes you less stealthy.
 X - a ring of fire (left hand)
Wands
 y - a wand of light (3)
 z - a wand of flame (73)
 A - a wand of mindburst (15)
 B - a wand of paralysis (40)
 I - a wand of polymorph (8)
 T - a wand of iceblast (14)
 V - a wand of digging (7)
Scrolls
 e - 16 scrolls of teleportation
 j - 8 scrolls of enchant weapon
 l - 9 scrolls of blinking
 n - 4 scrolls of revelation
 t - 9 scrolls of identify
 u - 3 scrolls of fog
 C - 8 scrolls of amnesia
 D - 2 scrolls of fear
 E - 3 scrolls of enchant armour
 F - 2 scrolls of immolation
 H - a scroll of torment
 R - 7 scrolls of poison
 S - a scroll of silence
Potions
 b - 5 potions of mutation
 c - 6 potions of heal wounds
 f - 17 potions of curing
 o - 6 potions of enlightenment
 p - 3 potions of berserk rage
 q - 3 potions of invisibility
 r - 5 potions of might
 s - 7 potions of brilliance
 x - 5 potions of ambrosia
 K - 5 potions of magic
 N - 3 potions of cancellation
 P - a potion of haste
Miscellaneous
 L - a sack of spiders
 Y - a tin of tremorstones (2/2)


   Skills:
 + Level 11.0 Fighting
 + Level 8.5 Maces & Flails
 + Level 7.9 Armour
 * Level 14.4 Dodging
 - Level 8.0 Stealth
 * Level 10.8 Spellcasting
 * Level 15.5 Conjurations
 + Level 8.5 Hexes
 - Level 9.2 Translocations
 + Level 2.5 Transmutations
 * Level 14.4 Fire Magic
 + Level 7.9 Evocations


You had 4 spell levels left.
You knew the following spells:

 Your Spells              Type           Power      Damage    Failure   Level
a - Foxfire               Conj/Fire      100%       2x1d9     1%          1
b - Scorch                Fire           100%       2d9       1%          2
c - Flame Wave            Conj/Fire      100%       2d21      1%          4
d - Blink                 Tloc           100%       N/A       1%          2
e - Fireball              Conj/Fire      55%        3d21      1%          5
f - Tukima's Dance        Hex            68%        N/A       1%          3
g - Yara's Violent Unrav  Hex/Tmut       27%        3d12      14%         5
h - Irradiate             Conj/Tmut      35%        3d23      3%          5
i - Ignition              Fire           55%        3d15      58%         8

Your spell library contained the following spells:

 Spells                   Type           Power      Damage    Failure   Level
 Lehudib's Crystal Spear  Conj/Erth      32%        10d8      100%        8
 Fire Storm               Conj/Fire      55%        8d14      100%        9
 Apportation              Tloc           100%       N/A       1%          1
 Magic Dart               Conj           100%       1d8       1%          1
 Lesser Beckoning         Tloc           100%       N/A       1%          2
 Momentum Strike          Conj/Tloc      100%       3d10      1%          2
 Dazzling Flash           Conj/Hex       100%       N/A       1%          3
 Hailstorm                Conj/Ice       65%        3d14      1%          3
 Inner Flame              Hex/Fire       99%        N/A       1%          3
 Mephitic Cloud           Conj/Pois/Air  53%        N/A       1%          3
 Teleport Other           Tloc           70%        N/A       1%          3
 Volatile Blastmotes      Fire/Tloc      100%       2d18      1%          3
 Sticky Flame             Conj/Fire      100%       2d11      1%          4
 Ensorcelled Hibernation  Hex/Ice        98%        N/A       4%          2
 Passage of Golubria      Tloc           70%        N/A       4%          4
 Cause Fear               Hex            34%        N/A       5%          4
 Wereblood                Tmut           37%        N/A       10%         2
 Call Imp                 Summ           38%        N/A       28%         2
 Sublimation of Blood     Necr           19%        N/A       28%         2
 Anguish                  Hex/Necr       24%        N/A       32%         4
 Olgreb's Toxic Radiance  Pois           19%        N/A       41%         4
 Ozocubu's Armour         Ice            19%        N/A       50%         3
 Vampiric Draining        Necr           19%        2d7       50%         3
 Animate Dead             Necr           19%        N/A       88%         4
 Dispel Undead            Necr           19%        3d11      88%         4
 Summon Ice Beast         Ice/Summ       19%        N/A       88%         4
 Starburst                Conj/Fire      55%        6d15      1%          6
 Metabolic Englaciation   Hex/Ice        24%        N/A       65%         5
 Alistair's Intoxication  Tmut/Pois      18%        N/A       97%         5
 Agony                    Necr           19%        N/A       99%         5
 Enfeeble                 Hex            34%        N/A       99%         7
 Death Channel            Necr           9%         N/A       100%        6
 Malign Gateway           Summ/Tloc      25%        N/A       100%        7
 Ozocubu's Refrigeration  Ice            9%         4d9       100%        7
 Summon Hydra             Summ           9%         N/A       100%        7
 Borgnjor's Revivificati  Necr           9%         N/A       100%        8
 Discord                  Hex            34%        N/A       100%        8
 Disjunction              Tloc           35%        N/A       100%        8
 Maxwell's Capacitive Co  Air            9%         ∞         100%        8
 Summon Horrible Things   Summ           9%         N/A       100%        8
 Polar Vortex             Ice            9%         12d1*     100%        9


Dungeon Overview and Level Annotations

Branches:
Dungeon (15/15)            Temple (1/1) D:7            Lair (5/5) D:9
  Swamp (4/4) Lair:2       Spider (4/4) Lair:3        Slime (0/5) Lair:5
    Orc (2/2) D:9             Elf (0/3) Orc:2        Vaults (3/5) D:13
  Crypt (0/3) Vaults:2     Depths (0/4) D:15        Ossuary (visited)
  IceCv (visited)

Altars:
Ashenzari
Cheibriados
Dithmenos
Fedhas
Gozag
Hepliaklqana
Kikubaaqudgha
Makhleb
Nemelex Xobeh
Okawaru
Qazlal
Ru
Sif Muna
Trog
Uskayaw
Vehumet
Wu Jian
Xom
Yredelemnul
Jiyva

Shops:
D:4 [*   D:5 (*(   D:8 (   D:9 !   Orc:2 [:*!(   Vaults:2 [

Portals:
Trove: D:12 (give +5 fire dragon scales)

Annotations:
D:8 3 runed translucent doors, bjtr's ghost, novice GrEE
Orc:1 2 transporters


Innate Abilities, Weirdness & Mutations

You are completely covered in icy blue scales. (AC +4, rC+)
You regenerate a little health from kills.
Your magical and physical power is enhanced at high health.
Spells you cast and wands you use may paralyse nearby enemies.
You have a sharp stinger which inflicts weakening toxins.
Your mind is acute. (Int +4, Str/Dex -1)
You are strong-willed. (Will+)
You expend magic power (3 MP) to strengthen your wands.


Message History

The bone dragon resists.
Flame seeps out of the bone dragon.
The bone dragon is almost destroyed.
The flame wave engulfs the spriggan defender skeleton!!
The spriggan defender skeleton is almost destroyed.
The flame wave engulfs the ghost crab!!
You destroy the ghost crab!
Vehumet accepts your kill.
The flame wave engulfs the titan skeleton!!
The titan skeleton is moderately damaged.
The flame wave engulfs the golden dragon simulacrum.
The golden dragon simulacrum is lightly damaged.
The flame wave engulfs the shadow dragon simulacrum!!!
The shadow dragon simulacrum melts!
The shadow dragon simulacrum vaporises!
Vehumet accepts your kill.
You feel your power returning.
You hear a sizzling sound!
You are engulfed in spectral mist.
The bone dragon bites you.
* * * LOW HITPOINT WARNING * * *
The bone dragon claws you.
* * * LOW HITPOINT WARNING * * *
The bone dragon barely misses you.
A wave of flame ripples out!
The flame wave engulfs the bone dragon!
The bone dragon resists.
Flame seeps out of the bone dragon.
The bone dragon is almost destroyed.
The flame wave engulfs the golden dragon simulacrum but does no damage.
The golden dragon simulacrum is lightly damaged.
The flame wave engulfs the spriggan defender skeleton!!
You destroy the spriggan defender skeleton!
Vehumet accepts your kill.
You feel your power returning.
The flame wave engulfs the titan skeleton!
The titan skeleton is heavily damaged.
You finish channelling waves of flame.
You are engulfed in spectral mist.
The bone dragon bites you!
* * * LOW HITPOINT WARNING * * *
The bone dragon claws you!
* * * LOW HITPOINT WARNING * * *
The bone dragon tramples you.
You die...

.............................
##...........................
..#+#########............ ..
#............
########.°.Z...###
#......#○°.☼☼..#.#
#..##..#°..§§.##.#
###Z.###..D§§.#...
#@D§.).)..t°Z##...
###Z.###..°..# ###
#..##..#....## #......#....#
########....# #......#
##......# ........## .
.........# .


You could see a bone dragon (inner flame), a golden dragon simulacrum and a
titan skeleton (paralysed).

Vanquished Creatures
  Bai Suzhen (Spider:3)
  Nikola (Spider:4)
  Jory (Vaults:3)
  Arachne (Spider:3)
  Norris (Vaults:2)
  A tentacled monstrosity (Swamp:4)
  Jorgrun (D:13)
  A lich (Vaults:2)
  2 sphinxes
  Gastronok (Lair:3)
  Aizul (Spider:3)
  2 thorn hunters (Swamp:4)
  2 azure jellies (Vaults:3)
  Kirke (Lair:4)
  Louise (Swamp:2)
  6 vault wardens
  9 emperor scorpions
  4 ghost moths
  10 ironbound preservers
  2 broodmothers
  A formless jellyfish (Vaults:1)
  2 ironbound thunderhulks
  7 eleionomae
  A vampire knight (Vaults:2)
  7 dire elephants
  A spark wasp (Spider:1)
  4 bunyips
  An eidolon (Vaults:2)
  2 yaktaur captains (Vaults:1)
  A shambling mangrove (Swamp:4)
  7 great orbs of eyes
  A deep elf death mage (Vaults:3)
  Josephine (D:10)
  7 entropy weavers
  A fire dragon (D:13)
  5 vault guards
  20 hydras
  2 ironbound frosthearts
  2 ice dragons (D:15)
  A peacekeeper (Vaults:2)
  A spriggan skeleton (Vaults:3)
  A spriggan air mage (Swamp:3)
  4 radroaches
  7 ghost crabs
  A merfolk avatar (Lair:5)
  2 ogre magi (Vaults:3)
  A juggernaut simulacrum (Vaults:3)
  2 jorogumos (Spider:3)
  4 boulder beetles
  4 centaur warriors
  15 alligators
  6 two-headed ogres
  6 orc high priests (Orc:2)
  5 demonic crawlers
  A spriggan berserker (Swamp:4)
  10 spriggans
  Sonja (Lair:4)
  6 skysharks
  A titan skeleton (Vaults:2)
  2 pharaoh ants
  A sun moth (Spider:3)
  A death drake (Swamp:4)
  30 deep trolls
  A sea snake (Lair:5)
  7 spriggan druids
  11 orb spiders
  6 goliath frogs
  3 glowing orange brains
  Lodul (D:13)
  3 wizards
  13 bog bodies
  10 swamp dragons
  A harpy (shapeshifter) (D:14)
  10 lindwurms
  3 orc knights
  A deep elf pyromancer (D:15)
  4 necromancers
  A phantasmal warrior (Vaults:2)
  9 harpies
  7 steelbarb worms
  14 ugly things
  3 will-o-the-wisps
  7 ironbound convokers
  An oklob plant (Lair:4)
  A shadow dragon skeleton (Vaults:3)
  19 wolf spiders
  5 cyclopes
  4 manticores
  A human zombie (Vaults:2)
  6 moths of wrath
  A stone giant zombie (Vaults:2)
  5 black mambas
  9 vault sentinels
  5 ice statues
  Joseph (Lair:1)
  29 elephants
  A gargoyle (D:11)
  14 cane toads
  3 torpor snails (Spider:2)
  Maggie (D:11)
  4 rime drakes
  An unseen horror (D:12)
  9 komodo dragons
  A freezing wraith (D:15)
  17 yaktaurs
  6 polar bears
  4 trolls
  3 bloated husks
  3 meliai (D:14)
  A hornet (shapeshifter) (D:13)
  A shadow dragon simulacrum (Vaults:3)
  14 tyrant leeches
  14 tarantellas
  Prince Ribbit (D:6)
  22 hornets
  14 blink frogs
  An ettin zombie (Vaults:2)
  Grinder (D:3)
  17 slime creatures
  A snapping turtle (Lair:5)
  22 jumping spiders
  A water elemental (D:13)
  47 yaks
  14 culicivoras
  8 wraiths
  7 wyverns
  3 hogs (Lair:4)
  Eustachio (D:6)
  4 fire elementals (Lair:1)
  64 redbacks
  3 steam dragons (Lair:5)
  15 vampire mosquitoes
  2 basilisks
  2 death yak simulacra (IceCv)
  12 swamp worms
  7 wargs
  A harpy simulacrum (Vaults:3)
  A hydra simulacrum (Vaults:3)
  An acid dragon (D:12)
  13 water moccasins
  A black mamba simulacrum (Vaults:3)
  29 orc warriors
  A sky beast (D:8)
  9 swamp drakes
  A black bear (Lair:3)
  2 ice beasts
  A fire dragon simulacrum (Vaults:3)
  14 ogres
  12 wolves
  6 centaurs
  3 phantoms
  4 kobold brigands
  Blork the orc (D:6)
  14 bullfrogs
  7 scorpions
  A gnoll sergeant (D:10)
  A cane toad simulacrum (IceCv)
  6 wights
  3 small abominations (Vaults:3)
  8 killer bees
  3 howler monkeys
  3 electric eels
  2 lava snakes (Lair:1)
  4 hounds
  47 orc priests
  A sleepcap (D:6)
  4 iguanas
  19 orc wizards
  6 hell rats (Lair:4)
  Terence (D:3)
  3 troll simulacra (Vaults:3)
  A wolf simulacrum (IceCv)
  8 mummies (Ossuary)
  7 gnolls
  A naga simulacrum (Vaults:3)
  6 adders
  3 white imps
  3 worms
  11 dart slugs
  97 orcs
  4 endoplasms
  2 giant cockroaches
  2 gnoll zombies (Ossuary)
  9 goblins
  6 hobgoblins
  2 jackals (D:1)
  4 quokkas
  8 ball pythons
  4 bats
  2 frilled lizards
  2 hobgoblin zombies (Ossuary)
  30 kobolds
  3 kobold zombies (Ossuary)
  An orc zombie (Ossuary)
  4 rats
1256 creatures vanquished.

Vanquished Creatures (collateral kills)
  A hornet (D:9)
  A foxfire (Lair:1)
2 creatures vanquished.

Vanquished Creatures (others)
  A bunyip (Swamp:4)
  A butterfly (Lair:1)
  1429 foxfires
1431 creatures vanquished.

Grand Total: 2689 creatures vanquished

Notes
Turn   | Place    | Note
-------+----------+-------------------------------------------
     0 | D:1      | arthad the Demonspawn Fire Elementalist began the quest for
                  | the Orb.
     0 | D:1      | Reached XP level 1. HP: 13/13 MP: 3/3
   206 | D:1      | Gained mutation: Spells you cast may paralyse adjacent
                  | enemies. [demonic ancestry]
   206 | D:1      | Reached XP level 2. HP: 19/19 MP: 1/5
   754 | D:1      | Found a faded altar of an unknown god.
  1330 | D:2      | Reached XP level 3. HP: 24/24 MP: 2/6
  2226 | D:3      | Learned a level 2 spell: Scorch
  2397 | D:3      | Gained mutation: You are partially covered in icy blue
                  | scales. (AC +2) [demonic ancestry]
  2397 | D:3      | Reached XP level 4. HP: 30/30 MP: 4/7
  2585 | D:3      | Noticed Terence
  2595 | D:3      | Killed Terence
  2596 | D:3      | Reached skill level 2 in Conjurations
  3182 | D:3      | Noticed Grinder
  3217 | D:3      | Paralysed by Grinder for 3 turns
  3225 | D:3      | Gained mutation: You have hidden genetic potential. [potion
                  | of mutation]
  3225 | D:3      | Gained mutation: You sometimes lose your temper in combat.
                  | [potion of mutation]
  3225 | D:3      | Gained mutation: Your spells are a little harder to cast,
                  | but a little more powerful. [potion of mutation]
  3227 | D:3      | Paralysed by Grinder for 2 turns
  3230 | D:3      | Killed Grinder
  3231 | D:3      | Gained mutation: Spells you cast may paralyse nearby
                  | enemies. [demonic ancestry]
  3231 | D:3      | Reached XP level 5. HP: 20/35 MP: 0/9
  3231 | D:3      | Gained mutation: You have a small tail. [demonic ancestry]
  3231 | D:3      | Reached XP level 6. HP: 24/41 MP: 0/10
  3238 | D:3      | Gained mutation: You have very sharp teeth. [hidden
                  | potential]
  3921 | D:4      | Found a sand-covered staircase.
  3925 | Ossuary  | Entered an ossuary
  3943 | Ossuary  | Learned a level 4 spell: Flame Wave
  3946 | Ossuary  | Learned a level 2 spell: Blink
  4023 | Ossuary  | Reached skill level 3 in Conjurations
  4507 | D:4      | Gained mutation: You are mostly covered in icy blue scales.
                  | (AC +3) [demonic ancestry]
  4507 | D:4      | Reached XP level 7. HP: 47/47 MP: 6/12
  4561 | D:4      | Found Ytriul's Armour Boutique.
  4573 | D:4      | Found Ceexowna's Assorted Antiques.
  4787 | D:4      | Bought an emerald ring for 95 gold pieces
  4787 | D:4      | Bought a scroll labelled FIN MEICISMEJE for 19 gold pieces
  4787 | D:4      | Bought a scroll labelled FIN MEICISMEJE for 19 gold pieces
  4787 | D:4      | Bought a fuming inky potion for 17 gold pieces
  4787 | D:4      | Bought a scroll labelled KETTOWN TAOCEL for 19 gold pieces
  4787 | D:4      | Bought a jewelled wooden wand for 76 gold pieces
  4787 | D:4      | Bought a copper wand for 76 gold pieces
  4966 | D:4      | Gained mutation: Your spells are harder to cast, but more
                  | powerful. [hidden potential]
  4966 | D:4      | Lost mutation: You have hidden genetic potential. [hidden
                  | potential expressed]
  5356 | D:5      | Entered Level 5 of the Dungeon
  5398 | D:5      | Reached skill level 1 in Fighting
  5541 | D:5      | Found Huanu Ugo's Antique Weapon Shop.
  5657 | D:5      | Reached skill level 1 in Translocations
  6045 | D:5      | Reached skill level 4 in Conjurations
  6443 | D:5      | Found Icysmi's Weapon Emporium.
  6521 | D:5      | Found Tuixky's General Store.
  6658 | D:6      | Reached XP level 8. HP: 55/55 MP: 7/13
  6662 | D:6      | Noticed Blork the orc
  6667 | D:6      | Killed Blork the orc
  6763 | D:6      | Noticed Eustachio
  6770 | D:6      | Killed Eustachio
  6771 | D:6      | Reached skill level 5 in Fire Magic
  6926 | D:6      | Found a bloodstained altar of Trog.
  7265 | D:6      | Noticed Prince Ribbit
  7276 | D:6      | Killed Prince Ribbit
  7277 | D:6      | Reached skill level 5 in Conjurations
  7402 | D:6      | Reached skill level 5 in Dodging
  7706 | D:7      | Reached XP level 9. HP: 62/62 MP: 8/15
  8440 | D:7      | Found a staircase to the Ecumenical Temple.
  8450 | Temple   | Entered the Ecumenical Temple
  8498 | Temple   | Became a worshipper of Vehumet
  8942 | D:8      | Found a runed translucent gate.
  8942 | D:8      | Noticed bjtr's ghost (novice GrEE)
  8943 | D:8      | Found a runed translucent gate.
  8947 | D:8      | Found a runed translucent gate.
  9009 | D:8      | Found Nenoph's Weapon Emporium.
  9062 | D:8      | Noticed a cyclops
  9077 | D:8      | Killed a cyclops
  9301 | D:8      | Reached skill level 6 in Conjurations
  9339 | D:8      | Reached skill level 5 in Stealth
 10097 | D:9      | Found Umuxecuzxa's Distillery.
 10137 | D:9      | Reached skill level 5 in Spellcasting
 10138 | D:9      | Reached XP level 10. HP: 71/71 MP: 9/17
 10154 | D:9      | Found a staircase to the Lair.
 10173 | D:9      | Reached * piety under Vehumet
 10173 | D:9      | Offered knowledge of Shock by Vehumet.
 10258 | D:9      | Noticed Maggie
 10369 | D:9      | Found a faded altar of an unknown god.
 10369 | D:9      | Found an ancient bone altar of Kikubaaqudgha.
 10376 | D:9      | Found a faded altar of an unknown god.
 10378 | D:9      | Found a hide-covered altar of Uskayaw.
 10380 | D:9      | Found a sparkling altar of Nemelex Xobeh.
 10412 | D:9      | Noticed a two-headed ogre
 10420 | D:9      | Killed a two-headed ogre
 10431 | D:9      | Reached skill level 7 in Conjurations
 10479 | D:9      | Found a staircase to the Orcish Mines.
 10578 | D:9      | Reached ** piety under Vehumet
 10578 | D:9      | Offered knowledge of Kiss of Death by Vehumet.
 10990 | D:10     | Entered Level 10 of the Dungeon
 11054 | D:10     | Paralysed by a hornet for 3 turns
 11060 | D:10     | Noticed Josephine
 11070 | D:10     | Killed Josephine
 11302 | D:10     | Offered knowledge of Ignite Poison by Vehumet.
 11303 | D:10     | Gained mutation: You are completely covered in icy blue
                  | scales. (AC +4, rC+) [demonic ancestry]
 11303 | D:10     | Reached XP level 11. HP: 78/78 MP: 19/19
 11371 | D:10     | Found a broken altar of Ashenzari.
 11402 | D:10     | You are sucked into a shaft and drop 2 floors!
 11634 | D:11     | Found a sacrificial altar of Ru.
 11781 | D:11     | Reached *** piety under Vehumet
 11916 | D:11     | Noticed a green ugly thing
 11923 | D:11     | Killed a green ugly thing
 11924 | D:11     | Reached skill level 5 in Fighting
 12435 | D:11     | Noticed a two-headed ogre
 12445 | D:11     | Killed a two-headed ogre
 12446 | D:11     | Reached skill level 8 in Conjurations
 12479 | D:11     | Killed Maggie
 13125 | D:12     | Offered knowledge of Sticky Flame by Vehumet.
 13303 | D:12     | Reached skill level 5 in Translocations
 13332 | D:12     | Found a snail-covered altar of Cheibriados.
 13388 | D:12     | Noticed a red ugly thing
 13402 | D:12     | Killed a red ugly thing
 13480 | D:12     | Noticed a two-headed ogre
 13487 | D:12     | Killed a two-headed ogre
 13673 | D:12     | Reached **** piety under Vehumet
 13706 | D:12     | Offered knowledge of Fireball by Vehumet.
 13806 | D:8      | Bought the +7 great mace "Firestarter" {flame, immolate,
                  | rFlCloud rF++} for 783 gold pieces
 13806 | D:8      | Found the +7 great mace "Firestarter" {flame, immolate,
                  | rFlCloud rF++}
 14037 | D:10     | Gained mutation: Spells you cast and wands you use may
                  | paralyse nearby enemies. [demonic ancestry]
 14037 | D:10     | Reached XP level 12. HP: 87/87 MP: 13/21
 14165 | D:10     | Noticed a two-headed ogre
 14286 | D:10     | Noticed a two-headed ogre
 14293 | D:10     | Killed a two-headed ogre
 14294 | D:10     | Reached skill level 9 in Conjurations
 14343 | D:10     | Killed a two-headed ogre
 14522 | D:12     | Found a portal to a secret trove of treasure.
 14554 | D:12     | Reached skill level 1 in Maces & Flails
 14749 | D:13     | Noticed a fire dragon
 14766 | D:13     | Killed a fire dragon
 15066 | D:13     | Noticed Jorgrun
 15083 | D:13     | Killed Jorgrun
 15439 | D:13     | Learned a level 5 spell: Fireball
 15439 | D:13     | Upgraded the game from 0.31-a0-473-g61b50ae490 to
                  | 0.31-a0-486-g8d68a81214
 15575 | D:13     | Noticed Lodul
 15577 | D:13     | Killed Lodul
 15838 | D:13     | Noticed a vault guard
 15843 | D:13     | Killed a vault guard
 15881 | D:13     | Found a gate to the Vaults.
 16055 | D:13     | Identified the +3 shortbow of Arrival {flame, rPois Str+7
                  | Int-2 Dex+4}
 16430 | D:14     | Reached skill level 1 in Hexes
 16526 | D:14     | Noticed a centaur warrior
 16527 | D:14     | Reached ***** piety under Vehumet
 16531 | D:14     | Noticed a two-headed ogre
 16533 | D:14     | Killed a centaur warrior
 16556 | D:14     | Killed a two-headed ogre
 16556 | D:14     | Offered knowledge of Airstrike by Vehumet.
 16804 | D:14     | Noticed a centaur warrior
 16806 | D:14     | Killed a centaur warrior
 17000 | D:14     | Gained mutation: Your magical and physical power is
                  | slightly enhanced at high health. [demonic ancestry]
 17000 | D:14     | Reached XP level 13. HP: 82/95 MP: 17/23
 17053 | D:14     | Reached skill level 10 in Conjurations
 17096 | D:14     | Found an ornate altar of the Wu Jian Council.
 17362 | D:15     | Entered Level 15 of the Dungeon
 17415 | D:15     | Reached skill level 1 in Armour
 17997 | D:15     | Identified the ring of Wisdom {Fly Will- MP+9 Str+5 Dex-3}
 18341 | D:15     | Reached skill level 10 in Fire Magic
 18377 | D:15     | Found a staircase to the Depths.
 18582 | Lair:1   | Entered Level 1 of the Lair of Beasts
 19022 | Lair:1   | Noticed Joseph
 19261 | Lair:1   | Killed Joseph
 19273 | Lair:1   | Reached skill level 1 in Evocations
 19610 | Lair:1   | Found an iron altar of Okawaru.
 19617 | Lair:1   | Reached skill level 10 in Dodging
 20004 | Lair:2   | Found a frozen archway.
 20009 | IceCv    | Entered an ice cave
 20048 | IceCv    | Found a transporter.
 20058 | IceCv    | Found a transporter.
 20085 | IceCv    | Identified the ring of Zibietesh {Will++ rCorr Dex+6
                  | Stlth-}
 20309 | Lair:2   | Found a sparkling altar of Nemelex Xobeh.
 20472 | Lair:2   | Reached XP level 14. HP: 98/103 MP: 15/25
 20622 | Lair:2   | Reached skill level 11 in Conjurations
 20962 | Lair:2   | Found a staircase to the Swamp.
 21523 | Lair:3   | Identified the +1 helmet "Jaxzug" {+Blink rElec Int-4}
 21576 | Lair:3   | Found a hole to the Spider Nest.
 21649 | Lair:3   | Noticed Gastronok
 21655 | Lair:3   | Killed Gastronok
 22591 | Lair:4   | Noticed Sonja
 22592 | Lair:4   | Killed Sonja
 22610 | Lair:4   | Noticed Kirke
 22613 | Lair:4   | Killed Kirke
 22613 | Lair:4   | Offered knowledge of Eringya's Noxious Bog by Vehumet.
 22704 | Lair:4   | Identified the +7 scale mail of Autumn {rPois rC+ rN+
                  | Slay+3}
 22966 | Lair:4   | Identified the +7 long sword "Muvet" {flame, Will+}
 23283 | Lair:5   | Entered Level 5 of the Lair of Beasts
 23764 | Lair:5   | Gained mutation: Your magical and physical power is
                  | enhanced at high health. [demonic ancestry]
 23764 | Lair:5   | Reached XP level 15. HP: 110/110 MP: 4/27
 23922 | Lair:5   | Reached skill level 5 in Maces & Flails
 24041 | Lair:5   | Found a staircase to the Slime Pits.
 24042 | Lair:5   | Found a viscous altar of Jiyva.
 24222 | Lair:5   | Identified the +4 trident of Ymuridirgh {heavy, rF++ SInv}
 24229 | Lair:5   | Got the Meditations on Translocation
 24284 | Lair:5   | Reached skill level 12 in Conjurations
 24722 | Orc:1    | Entered Level 1 of the Orcish Mines
 24762 | Orc:1    | Offered knowledge of Arcjolt by Vehumet.
 25082 | Orc:1    | Found a transporter.
 25114 | Orc:1    | Found a transporter.
 25238 | Orc:2    | Entered Level 2 of the Orcish Mines
 25380 | Orc:2    | Reached ****** piety under Vehumet
 25413 | Orc:2    | Reached skill level 5 in Hexes
 25521 | Orc:2    | Offered knowledge of Freezing Cloud by Vehumet.
 25526 | Orc:2    | Learned a level 3 spell: Tukima's Dance
 25532 | Orc:2    | Learned a level 5 spell: Yara's Violent Unravelling
 25937 | Orc:2    | Found a staircase to the Elven Halls.
 25984 | Orc:2    | Found Qomehuf's Antique Weapon Emporium.
 26053 | Orc:2    | Found Leloeplimm's Assorted Antiques.
 26053 | Orc:2    | Found Fikkyti's Distillery.
 26068 | Orc:2    | Bought a potion of heal wounds for 70 gold pieces
 26068 | Orc:2    | Bought a potion of brilliance for 56 gold pieces
 26162 | Orc:2    | Found Kysh's Antique Armour Boutique.
 26162 | Orc:2    | Found Ynwiet's Book Emporium.
 26177 | Orc:2    | Bought the Unrestrained Analects for 460 gold pieces
 26549 | Swamp:1  | Entered Level 1 of the Swamp
 26585 | Lair:2   | HP: 2/112 [alligator (15)]
 26859 | Swamp:1  | Offered knowledge of Irradiate by Vehumet.
 26866 | Swamp:1  | Learned a level 5 spell: Irradiate
 27371 | Swamp:2  | Noticed Louise
 27375 | Swamp:2  | Killed Louise
 27412 | Swamp:1  | Lost mutation: Your spells are harder to cast, but more
                  | powerful. [potion of mutation]
 27412 | Swamp:1  | Lost mutation: You sometimes lose your temper in combat.
                  | [potion of mutation]
 27412 | Swamp:1  | Lost mutation: Your spells are a little harder to cast, but
                  | a little more powerful. [potion of mutation]
 27412 | Swamp:1  | Gained mutation: You are strong-willed. (Will+) [potion of
                  | mutation]
 27412 | Swamp:1  | Gained mutation: You occasionally shout uncontrollably at
                  | your foes. [potion of mutation]
 27412 | Swamp:1  | Gained mutation: You are resistant to electric shocks.
                  | (rElec) [potion of mutation]
 27413 | Swamp:1  | Lost mutation: You are resistant to electric shocks.
                  | (rElec) [potion of mutation]
 27413 | Swamp:1  | Lost mutation: You have very sharp teeth. [potion of
                  | mutation]
 27413 | Swamp:1  | Lost mutation: You occasionally shout uncontrollably at
                  | your foes. [potion of mutation]
 27413 | Swamp:1  | Gained mutation: Your mind is acute. (Int +4, Str/Dex -1)
                  | [potion of mutation]
 27413 | Swamp:1  | Gained mutation: You expend magic power (3 MP) to
                  | strengthen your wands. [potion of mutation]
 27420 | Swamp:2  | Reached XP level 16. HP: 96/118 MP: 12/28
 27858 | Swamp:2  | Reached skill level 5 in Armour
 27987 | Swamp:2  | Identified the +0 robe "Huofos" {Dex+3 SInv}
 28514 | Swamp:3  | Reached skill level 5 in Evocations
 28525 | Swamp:3  | Identified the +8 chain mail "Palosorch" {Will++ Int-2
                  | Dex+3}
 28666 | Swamp:3  | Reached skill level 13 in Conjurations
 29286 | Swamp:4  | Entered Level 4 of the Swamp
 29304 | Swamp:4  | Noticed a thorn hunter
 29314 | Swamp:4  | Killed a thorn hunter
 29610 | Swamp:4  | Noticed a tentacled monstrosity
 29626 | Swamp:4  | Killed a tentacled monstrosity
 29804 | Swamp:4  | Offered knowledge of Lee's Rapid Deconstruction by Vehumet.
 30547 | Swamp:4  | Gained mutation: You have a tail ending in a sharp stinger.
                  | [demonic ancestry]
 30547 | Swamp:4  | Reached XP level 17. HP: 126/126 MP: 16/30
 30683 | Swamp:4  | Got a decaying rune of Zot
 30958 | Spider:1 | Entered Level 1 of the Spider Nest
 32465 | Spider:2 | Offered knowledge of Plasma Beam by Vehumet.
 33279 | Spider:3 | Reached skill level 14 in Conjurations
 33317 | Spider:3 | Noticed Bai Suzhen
 33324 | Spider:3 | Killed Bai Suzhen
 33781 | Spider:3 | Offered knowledge of Lehudib's Crystal Spear by Vehumet.
 33781 | Spider:3 | Offered knowledge of Fire Storm by Vehumet.
 33781 | Spider:3 | Offered knowledge of Polar Vortex by Vehumet.
 33789 | Spider:3 | Noticed Arachne
 33791 | Spider:3 | Learned a level 8 spell: Ignition
 33796 | Spider:3 | Killed Arachne
 33812 | Spider:3 | Reached skill level 10 in Fighting
 34124 | Spider:3 | Identified the +6 spear of Bile {pain, Dex+5}
 34344 | Spider:3 | Noticed Aizul
 34348 | Spider:3 | Gained mutation: You regenerate a little health from kills.
                  | [demonic ancestry]
 34348 | Spider:3 | Reached XP level 18. HP: 117/134 MP: 4/31
 34467 | Spider:3 | Killed Aizul
 34928 | Spider:4 | Entered Level 4 of the Spider Nest
 35124 | Spider:4 | Noticed Nikola
 35135 | Spider:4 | Killed Nikola
 36279 | Spider:4 | Got a gossamer rune of Zot
 36518 | Vaults:1 | Entered Level 1 of the Vaults
 36935 | Vaults:1 | Reached skill level 10 in Spellcasting
 37589 | Vaults:1 | Found the +9 staff of Olgreb {rPois∞}
 38098 | Vaults:2 | Noticed a lich
 38101 | Vaults:2 | Killed a lich
 38102 | Vaults:2 | Reached skill level 15 in Conjurations
 38105 | Vaults:2 | Gained mutation: You have a sharp stinger which inflicts
                  | weakening toxins. [demonic ancestry]
 38105 | Vaults:2 | Reached XP level 19. HP: 126/142 MP: 17/33
 38264 | Vaults:2 | Reached skill level 1 in Transmutations
 38293 | Vaults:2 | Found Bappois's Armour Emporium.
 38328 | Vaults:2 | Identified the +6 morningstar of Onkoammifaps {holy, rElec}
 38339 | Vaults:2 | Found a staircase to the Crypt.
 38428 | Vaults:2 | Noticed Norris
 38434 | Vaults:2 | Killed Norris
 39204 | Vaults:3 | Noticed Jory
 39212 | Vaults:3 | Killed Jory
 39381 | Vaults:3 | Got the Disquisition on the Winter
 39710 | Vaults:3 | Identified the +3 chain mail of Ethereal Miracles {-Cast
                  | Str+3 Slay+2}
 40233 | Vaults:3 | Noticed a bone dragon
 40259 | Vaults:3 | Got the Cyclopedia of the Shrike
 40271 | Vaults:3 | HP: 3/143 [bone dragon (7)]
 40271 | Vaults:3 | Slain by a bone dragon

Illustrated notes

Levels and vault maps discovered:
D:1:      roderic_chinese_lattice_arrival, layout_loops_ring,
          hellmonk_ecumenical_altar_leap_of_faith,
          chequers_serial_rivers_room_a, hangedman_decor_clover_reticule,
          minmay_liquid_box, minivault_24, minmay_pentomino_u2
D:2:      layout_loops_ring, minmay_distorted
D:3:      layout_basic, uniq_grinder, uniq_terence
D:4:      kennysheep_slugbush, layout_basic, enter_ossuary_5, serial_shops,
          nicolae_shop_behind_doors, nicolae_shop_tiny_glass, moated_statue,
          item_on_display_a
D:5:      layout_gridville, serial_shops, shop, shop, shop
D:6:      layout_cave_pools, mainiacjoe_overflow_alcove_4, uniq_blork_the_orc,
          uniq_prince_ribbit1, uniq_eustachio
D:7:      layout_loops_cross, temple_statues
D:8:      layout_layer_cave, biasface_ghost_orc_armoury, nicolae_stop_n_shop_1
D:9:      layout_long_grid, chequers_temple_overflow_minitemple,
          dpeg_oklobed_lair, david_orc_4, nicolae_stop_n_shop_1, uniq_maggie
D:10:     layout_long_grid, nicolae_ashenzari_panopticon, uniq_josephine
D:11:     layout_basic, nicolae_ru_sacrificial_ziggurat
D:12:     layout_basic, special_room [special_room_orc],
          nicolae_trove_entry_isolated, cheibriados_altar_1
D:13:     statuecave_lemuel, layout_gridville, hellmonk_vaults_order_and_chaos,
          uniq_lodul, uniq_jorgrun
D:14:     layout_loops_ring, nicolae_wu_jian_immortal_techniques
D:15:     grunt_enter_depths_hoard, layout_basic,
          chequers_serial_rivers_micro_c, minmay_lindwurm_lava
Temple:   minmay_crystal_spiral_temple
Lair:1:   layout_chaotic_city, basic_altar, lemuel_old_faithful,
          infiniplex_staircase_pool, lemuel_fruit_fields, uniq_joseph
Lair:2:   layout_small_grid, skrybe_swamp_entry_bodies, basic_altar,
          portal_ice_cave_entry_pillars_1, serial_bayou_shore_a
Lair:3:   layout_concentric_octagons, spider_nest_entry_web_field,
          guppyfry_lair_drakes, serial_bayou_shore_b, lemuel_fruit_tree,
          uniq_gastronok
Lair:4:   layout_cave_pods, uniq_kirke, uniq_sonja
Lair:5:   gammafunk_lair_ancient_temple, layout_long_grid, slime_entry_1,
          dreamdust_deal_with_the_devil
Swamp:1:  layout_falls_marsh, evilmike_swamp_ruin_rubble_1, swamp_pool1
Swamp:2:  layout_basic_swamp, evilmike_swamp_ruin_house_6, swamp_pool2,
          infiniplex_staircase_pool_2, uniq_louise
Swamp:3:  layout_falls_marsh, hangedman_swamp_lotus
Swamp:4:  swamp_basic_johnstein, layout_basic_swamp, swamp_pool3
Spider:1: layout_spider_delve, guppyfry_hornet_nest
Spider:2: layout_chambers, guppyfry_spider_mini_2
Spider:3: spiders_nest_scorpion_pit, nicolae_spider_orb_run, uniq_aizul,
          uniq_arachne, uniq_bai_suzhen
Spider:4: grunt_spider_rune_circles, uniq_nikola
Orc:1:    emtedronai_trogs_sanctum, layout_caves
Orc:2:    st_orc_town, layout_caves, serial_shops, shop
Vaults:1: nicolae_vaults_double_plus_3, nicolae_vaults_diamond_1,
          nicolae_vaults_tetromino_L_2, nicolae_vaults_inception_statues,
          nicolae_vaults_closet_pinwheel_2, vaults_room_semicircle,
          hangedman_vaults_locks, grunt_vaults_trifunnel,
          nicolae_vaults_tetromino_L_1, nicolae_vaults_apartment_2,
          nicolae_vaults_layer_cake_slice, vaults_room_hallway,
          vaults_room_corners, layout_vaults_omnibox
Vaults:2: hangedman_vaults_stretched_pinwheel, nicolae_vaults_enemy_cabinets,
          nicolae_vaults_diagonal_hallway_8, vaults_mumra_hex,
          vaults_mumra_minichess_inversion, layout_vaults_quadrants,
          minmay_crypt_entry_simple_round, serial_shops,
          nicolae_shop_competitors_out_of_business, uniq_norris
Vaults:3: ontoclasm_vaults_misaligned, ontoclasm_vaults_bender, v_misc_27,
          ontoclasm_vaults_chip, vaults_mumra_chevron_long,
          nicolae_vaults_twisting_passages, ontoclasm_vaults_pinch,
          nicolae_vaults_trapezoid_4, layout_vaults_chaotic_city,
          serial_hangedman_research, hangedman_research_thermodynamics,
          hangedman_research_thanatology, uniq_jory

Skill      XL: |  1  2  3  4  5  6  7  8  9 10 11 12 13 14 15 16 17 18 19 |
---------------+----------------------------------------------------------+-----
Stealth        | 2 3 4 5 6 7 8 |  8.0
Dodging        | 2 3 4 5 6 7 8 9 10 11 12 13 14 | 14.4
Fire Magic     | 3 4 5 6 7 8 9 10 11 12 13 14 | 14.4
Conjurations   | 2 3 4 5 6 7 8 9 10 11 12 13 14 15 | 15.5
Spellcasting   | 3 4 5 6 7 8 9 10 | 10.8
Fighting       | 1 2 3 4 5 6 7 8 9 10 11 | 11.0
Translocations | 1 2 3 4 5 6 7 8 9 |  9.2
Maces & Flails | 2 3 4 5 6 7 8 |  8.5
Hexes          | 1 3 4 5 6 7 8 |  8.5
Armour         | 2 3 4 5 6 7 |  7.9
Evocations     | 1 3 4 5 6 7 |  7.9
Transmutations | 2 |  2.5

Action                     |  1- 3 |  4- 6 |  7- 9 | 10-12 | 13-15 | 16-18 | 19-21 || total
---------------------------+-------+-------+-------+-------+-------+-------+-------++-------
  Melee: Unarmed           |    23 |     9 |     6 |       |       |       |       ||    38
         Bite              |       |       |     2 |     2 |     7 |       |       ||    11
         Staff             |       |       |       |    11 |     8 |     1 |       ||    20
         Tailslap          |       |       |       |     7 |     8 |     8 |     4 ||    27
         Great mace        |       |       |       |     9 |    54 |    42 |    11 ||   116
  Throw: Dart              |       |       |       |     3 |       |     1 |       ||     4
   Cast: Foxfire           |    79 |    97 |   254 |   253 |    90 |    29 |       ||   802
         Scorch            |       |     6 |    25 |    84 |    10 |    19 |     2 ||   146
         Flame Wave        |       |       |     7 |    45 |     4 |    12 |     2 ||    70
         Fireball          |       |       |       |    37 |   421 |   573 |   149 ||  1180
         Blink             |       |       |       |       |     6 |     2 |     2 ||    10
         Tukima's Dance    |       |       |       |       |     1 |     1 |       ||     2
         Irradiate         |       |       |       |       |       |     2 |     1 ||     3
  Evoke: Wand              |       |       |     1 |     7 |    20 |     8 |       ||    36
         Tin of tremorston |       |       |       |       |       |     3 |       ||     3
    Use: Potion            |       |     6 |       |     6 |     6 |     2 |       ||    20
         Scroll            |       |       |    12 |     4 |     8 |     7 |       ||    31
   Stab: Paralysed         |     6 |     3 |     2 |     3 |     3 |     2 |       ||    19
         Invisible         |       |       |       |       |       |     3 |       ||     3
 Armour: Robe              |    18 |     2 |    11 |     6 |       |       |       ||    37
         Swamp dragon scal |       |       |       |    32 |    60 |    17 |       ||   109
         Scale mail        |       |       |       |       |       |   140 |    51 ||   191
  Dodge: Dodged            |    17 |     4 |    20 |    69 |    85 |   103 |    29 ||   327

Table legend: (Time is in decaauts)
 A = Elapsed time spent in this place.
 B = Non-inter-level travel time spent in this place.
 C = Inter-level travel time spent in this place.
 D = Time resting spent in this place.
 E = Time spent auto-exploring this place.
 F = Levels seen in this place.
 G = Mean time per level.
                   A        B        C        D        E       F      G
               +--------+--------+--------+--------+--------+-----+--------+
         Total |  40416 |  38205 |   2211 |   2984 |  29631 |  36 | 1122.7 |
       Dungeon |  18386 |  17459 |    927 |    781 |  14421 |  15 | 1225.7 |
        Temple |     96 |      1 |     95 |      0 |      0 |   1 |   96.0 |
          Lair |   6128 |   5670 |    458 |    648 |   4132 |   5 | 1225.6 |
         Swamp |   4099 |   3786 |    313 |    437 |   2743 |   4 | 1024.8 |
   Spider Nest |   5446 |   5268 |    178 |    774 |   3721 |   4 | 1361.5 |
  Orcish Mines |   1708 |   1577 |    131 |     68 |   1148 |   2 |  854.0 |
        Vaults |   3756 |   3650 |    106 |     86 |   3057 |   3 | 1252.0 |
       Ossuary |    504 |    504 |      0 |      0 |    398 |   1 |  504.0 |
      Ice Cave |    288 |    288 |      0 |    190 |     11 |   1 |  288.0 |
               +--------+--------+--------+--------+--------+-----+--------+

Top non-repeatable levels by time:
Spider:3: 1800 daAuts
    D:11: 1743 daAuts
    D:13: 1698 daAuts
 Swamp:4: 1539 daAuts
  Lair:2: 1518 daAuts
Spider:2: 1358 daAuts
     D:4: 1357 daAuts
     D:8: 1297 daAuts
Vaults:1: 1293 daAuts
     D:3: 1293 daAuts
  Lair:5: 1264 daAuts
Spider:4: 1262 daAuts
  Lair:1: 1261 daAuts
Vaults:2: 1259 daAuts
     D:5: 1251 daAuts
